 Dungeon Crawl Stone Soup version 0.19.1-1-g22dce08 (webtiles) character file.

14648 McKennaii the Thaumaturge (level 11, -1/67 HPs)
             Began as a High Elf Air Elementalist on Jan 9, 2017.
             Was an Elder of Sif Muna.
             Slain by an unseen horror (7 damage)
             ... on level 10 of the Dungeon.
             The game lasted 00:59:54 (12058 turns).

McKennaii the Thaumaturge (HEAE)                   Turns: 12058, Time: 00:59:55

Health: -1/67      AC:  5    Str:  7    XL:     11   Next: 91%
Magic:  16/28      EV: 16    Int: 21    God:    Sif Muna [****..]
Gold:   548        SH:  0    Dex: 18    Spells: 11 memorised, 3 levels left

rFire  . . .     SeeInvis .     D - +0 falchion
rCold  + + .     Gourm    .     k - +0 robe {MR+}
rNeg   . . .     Faith    .     (no shield)
rPois  .         Spirit   .     N - +1 hat
rElec  .         Reflect  .     E - +0 cloak
rCorr  .         Harm     .     i - +0 pair of gloves
MR     ++...                    (no boots)
Stlth  +++.......               (no amulet)
                                y - ring of protection from cold
                                n - ring of protection from cold

@: no status effects
A: no striking features
a: Divine Energy, Channel Magic, Forget Spell, Renounce Religion


You were on level 10 of the Dungeon.
You worshipped Sif Muna.
Sif Muna was greatly pleased with you.
You were not hungry.

You visited 3 branches of the dungeon, and saw 12 of its levels.

You collected 548 gold pieces.

Inventory:

Hand Weapons
 D - a +0 falchion (weapon)
Armour
 i - a +0 pair of gloves (worn)
 k - a +0 robe of magic resistance (worn)
 E - a +0 cloak (worn)
 N - a +1 hat (worn)
Jewellery
 n - a ring of protection from cold (left hand)
 y - a ring of protection from cold (right hand)
 K - an uncursed amulet of guardian spirit
Wands
 t - a wand of acid (8/15)
 G - a wand of digging (3/24)
 I - a wand of teleportation (3/9)
 R - a wand of polymorph (7/24)
 S - a wand of slowing (30/48)
Scrolls
 a - a scroll of blinking
 d - 2 scrolls of fear {unknown}
 e - 4 scrolls of remove curse {unknown}
 h - a scroll of enchant weapon {unknown}
 l - a scroll of immolation {unknown}
 o - 2 scrolls of noise {unknown}
 q - 5 scrolls of amnesia {unknown}
 s - 6 scrolls of identify {unknown}
 x - 2 scrolls of random uselessness {unknown}
 z - 4 scrolls of magic mapping {unknown}
 B - a scroll of fog {unknown}
 F - 3 scrolls of teleportation {unknown}
 J - a scroll of recharging {unknown}
Potions
 g - a potion of ambrosia {unknown}
 j - a potion of degeneration {unknown}
 p - 4 potions of mutation {unknown}
 r - a potion of lignification {unknown}
 u - a potion of magic {unknown}
 v - 2 potions of flight {unknown}
 w - a potion of haste
 H - 2 potions of invisibility {unknown}
 M - a potion of brilliance {unknown}
 O - 2 potions of curing
Books
 b - a book of Air

   Spells                             Type                      Level
   a - Shock                          Conjuration/Air              1
   b - Swiftness                      Charms/Air                   2
   c - Repel Missiles                 Charms/Air                   2
   d - Static Discharge               Conjuration/Air              3
   e - Lightning Bolt                 Conjuration/Air              5
 A - a book of Flames

   Spells                             Type                      Level
   a - Flame Tongue                   Conjuration/Fire             1
   b - Throw Flame                    Conjuration/Fire             2
   c - Conjure Flame                  Conjuration/Fire             3
   d - Inner Flame                    Hexes/Fire                   3
   e - Sticky Flame                   Conjuration/Fire             4
   f - Fireball                       Conjuration/Fire             5
 L - a book of Battle

   Spells                             Type                      Level
   a - Infusion                       Charms                       1
   b - Shroud of Golubria             Charms/Translocation         2
   c - Song of Slaying                Charms                       2
   d - Spectral Weapon                Hexes/Charms                 3
   e - Regeneration                   Charms/Necromancy            3
Miscellaneous
 Q - a phantom mirror
Comestibles
 c - 6 bread rations
 f - 16 fruits
 C - 4 meat rations
 P - 4 beef jerkies


   Skills:
 + Level 3.2 Fighting
 + Level 3.7 Long Blades
 + Level 5.7 Dodging
 + Level 4.2 Stealth
 + Level 0.2 Unarmed Combat
 + Level 12.1 Spellcasting
 + Level 10.7 Conjurations
 * Level 3.5 Fire Magic
 + Level 11.7 Air Magic


You had 3 spell levels left.
You knew the following spells:

 Your Spells              Type           Power        Failure   Level  Hunger
a - Shock                 Conj/Air       ####         1%          1    None
b - Repel Missiles        Chrm/Air       #####.       1%          2    None
c - Swiftness             Chrm/Air       #####...     1%          2    None
d - Static Discharge      Conj/Air       ######..     1%          3    None
e - Lightning Bolt        Conj/Air       ######....   1%          5    ####...
f - Flame Tongue          Conj/Fire      #####        1%          1    None
g - Throw Flame           Conj/Fire      #####.       1%          2    None
h - Conjure Flame         Conj/Fire      #####...     1%          3    None
i - Inner Flame           Hex/Fire       ###.....     10%         3    None
j - Sticky Flame          Conj/Fire      #####...     2%          4    None
k - Fireball              Conj/Fire      #####.....   10%         5    ####...


Dungeon Overview and Level Annotations

Branches:
Dungeon (10/15)            Temple (1/1) D:6             Orc (1/2) D:9
   Lair: D:8-11

Altars:
Ashenzari
Cheibriados
Dithmenos
Elyvilon
Fedhas
Gozag
Hepliaklqana
Kikubaaqudgha
Makhleb
Nemelex Xobeh
Okawaru
Qazlal
Ru
Sif Muna
Trog
Uskayaw
Vehumet
Xom
Yredelemnul
Zin
The Shining One

Shops:
D:4 }   D:8 %


Message History

Aiming: Throw Flame
Press: ? - help, Shift-Dir - straight line, f - electric eel
Aim: an electric eel (water, almost dead)
The puff of flame misses the electric eel.
Something hits you!
* * * LOW HITPOINT WARNING * * *
Something hits you.
* * * LOW HITPOINT WARNING * * *
The electric eel is engulfed in a cloud of scalding steam.
You kill the electric eel!
Sif Muna accepts your kill.
You hear a splash.
Something hits you.
* * * LOW HITPOINT WARNING * * *
Something hits you but does no damage. Something hits you!
* * * LOW HITPOINT WARNING * * *
Okay, then.
Something hits you!
You die...

# #.......##.#..P#P...
..#.......##P#.......P
.........#...P≈≈≈.P≈≈
.....#...#..P≈≈≈≈≈≈
..#+#.#.###.§§≈≈.≈
#.......# #§§≈#
#.......######.##
#.....#.##..#...#...
.##...#.@..Z.........
#.#.#.#............
#.# #.#...........!. .
#.#.........)... .
#.#...#...#...#.
..#.####.###.## ###.#
≈≈# ≈≈ .)# ≈≈.


You could see a centaur skeleton.

Vanquished Creatures
  Gastronok (D:8)
  Harold (D:10)
  2 hill giants (D:9)
  A wolf spider zombie (D:7)
  Pikel (D:4)
  Psyche (D:9)
  3 centaur skeletons
  A kobold demonologist (D:8)
  2 hellwings (D:7)
  2 hippogriffs
  Sigmund (D:5)
  Grum (D:9)
  4 hungry ghosts
  A water moccasin (D:6)
  4 ice beasts (D:8)
  2 orc warriors
  2 phantoms
  6 sky beasts
  2 slaves (D:4)
  An eye of draining (D:10)
  A hornet zombie (D:7)
  8 ogres
  2 necrophages
  2 wolves (D:9)
  4 centaurs
  12 big kobolds
  Blork the orc (D:6)
  2 bullfrogs (D:9)
  A water moccasin zombie (D:9)
  An elf skeleton (D:8)
  3 scorpions
  7 killer bees
  A wight (D:8)
  3 howler monkeys
  7 electric eels
  7 crimson imps
  3 bullfrog zombies (D:7)
  4 centaur zombies (D:7)
  4 hounds
  5 human zombies (D:8)
  6 jellies
  A quasit (D:8)
  3 orc priests
  2 bullfrog skeletons
  5 iguanas
  A human skeleton (D:8)
  10 orc wizards
  5 worker ants
  2 ogre zombies (D:8)
  A mummy (D:8)
  A howler monkey skeleton (D:9)
  A worker ant zombie (D:5)
  Robin (D:2)
  14 adders
  7 gnolls (D:6)
  11 shadow imps
  A worker ant simulacrum (D:9)
  2 adder zombies
  3 worms
  2 dart slugs (D:1)
  7 leopard geckos
  17 orcs
  8 giant cockroaches
  2 gnoll zombies (D:5)
  15 goblins
  8 hobgoblins
  14 jackals
  21 kobolds
  4 quokkas
  11 bats
  5 frilled lizards
  A jackal skeleton (D:3)
  A leopard gecko skeleton (D:4)
  A quokka skeleton (D:6)
  11 rats
  A plant (D:9)
323 creatures vanquished.

Vanquished Creatures (others)
  A centaur zombie (D:7)
  A slave (D:4)
  A scorpion (D:4)
  A hound (D:4)
  A quokka (D:4)
  5 withered plants (D:7)
10 creatures vanquished.

Grand Total: 333 creatures vanquished

Notes
Turn   | Place    | Note
-------+----------+-------------------------------------------
     0 | D:1      | McKennaii the High Elf Air Elementalist began the quest for the Orb.
     0 | D:1      | Reached XP level 1. HP: 11/11 MP: 4/4
   136 | D:1      | Reached XP level 2. HP: 3/17 MP: 0/6
   200 | D:1      | Learned a level 2 spell: Repel Missiles
   203 | D:1      | Learned a level 2 spell: Swiftness
   622 | D:1      | Reached XP level 3. HP: 15/21 MP: 4/8
  1078 | D:2      | Found a sacrificial altar of Ru.
  1152 | D:2      | Reached skill level 3 in Spellcasting
  1160 | D:2      | Noticed Robin
  1284 | D:2      | Reached XP level 4. HP: 19/27 MP: 2/9
  1292 | D:2      | Killed Robin
  2024 | D:3      | Reached skill level 5 in Air Magic
  2024 | D:3      | Reached XP level 5. HP: 31/31 MP: 5/11
  2075 | D:3      | Reached skill level 4 in Spellcasting
  2231 | D:3      | Found a faded altar of an unknown god.
  2268 | D:3      | Found a sparkling altar of Nemelex Xobeh.
  2622 | D:3      | Found a glowing silver altar of Zin.
  2739 | D:4      | Noticed a slave
  2751 | D:4      | Found an iron altar of Okawaru.
  2774 | D:4      | Noticed a phantom
  2792 | D:4      | Killed a phantom
  2792 | D:4      | Reached XP level 6. HP: 35/36 MP: 2/14
  2822 | D:4      | Noticed a slave
  2823 | D:4      | Noticed Pikel
  2823 | D:4      | Noticed a slave
  2823 | D:4      | Noticed a slave
  2861 | D:4      | Killed a slave
  2861 | D:4      | Killed a slave
  2872 | D:4      | Killed Pikel
  2872 | D:4      | Reached skill level 5 in Spellcasting
  2872 | D:4      | Reached XP level 7. HP: 34/41 MP: 0/16
  2922 | D:4      | Reached skill level 6 in Spellcasting
  2931 | D:4      | Found Waqiam's Gadget Shop.
  2968 | D:4      | Found a white marble altar of Elyvilon.
  3175 | D:4      | Reached skill level 5 in Conjurations
  3431 | D:4      | Found a burning altar of Makhleb.
  3517 | D:5      | Entered Level 5 of the Dungeon
  3529 | D:5      | Reached XP level 8. HP: 46/46 MP: 14/18
  3555 | D:5      | Noticed Sigmund
  3566 | D:5      | Killed Sigmund
  3588 | D:5      | Reached skill level 7 in Spellcasting
  4035 | D:5      | HP: 1/46 [ogre/giant club (22)]
  4242 | D:5      | Found a basalt altar of Yredelemnul.
  4781 | D:5      | Reached skill level 8 in Spellcasting
  4786 | D:5      | Learned a level 3 spell: Static Discharge
  4792 | D:5      | Learned a level 5 spell: Lightning Bolt
  4794 | D:5      | Learned a level 1 spell: Flame Tongue
  4797 | D:5      | Learned a level 2 spell: Throw Flame
  4801 | D:5      | Learned a level 3 spell: Conjure Flame
  4805 | D:5      | Learned a level 3 spell: Inner Flame
  5011 | D:6      | Reached XP level 9. HP: 51/51 MP: 11/22
  5107 | D:6      | Noticed Blork the orc
  5128 | D:6      | Killed Blork the orc
  5162 | D:6      | Found a staircase to the Ecumenical Temple.
  5218 | Temple   | Entered the Ecumenical Temple
  5252 | Temple   | Became a worshipper of Sif Muna the Loreminder
  5929 | D:7      | Noticed a hellwing
  5950 | D:6      | Reached * piety under Sif Muna
  6046 | D:7      | Found a stormy altar of Qazlal.
  6125 | D:7      | Reached skill level 9 in Spellcasting
  6318 | D:7      | Killed a hellwing
  6318 | D:7      | Reached skill level 1 in Fighting
  6414 | D:7      | Noticed a hellwing
  6460 | D:7      | Killed a hellwing
  6686 | D:7      | Found a radiant altar of Vehumet.
  6772 | D:7      | Reached ** piety under Sif Muna
  6772 | D:7      | Reached XP level 10. HP: 53/59 MP: 13/24
  6776 | D:7      | Reached skill level 10 in Spellcasting
  6956 | D:7      | Reached skill level 10 in Air Magic
  7635 | D:7      | Learned a level 4 spell: Sticky Flame
  7872 | D:8      | Reached *** piety under Sif Muna
  7965 | D:8      | Reached skill level 1 in Long Blades
  8266 | D:8      | Reached skill level 5 in Dodging
  8462 | D:8      | Noticed Gastronok
  8518 | D:8      | Found an ancient bone altar of Kikubaaqudgha.
  8949 | D:8      | Found Eneug's Food Shoppe.
  9032 | D:8      | Killed Gastronok
  9032 | D:8      | Reached skill level 11 in Spellcasting
  9032 | D:8      | Reached XP level 11. HP: 59/66 MP: 1/27
  9162 | D:8      | Reached skill level 10 in Conjurations
  9304 | D:7      | Reached **** piety under Sif Muna
  9629 | D:8      | Learned a level 5 spell: Fireball
  9671 | D:9      | Noticed Grum
  9671 | D:9      | Noticed Psyche
  9717 | D:9      | Reached skill level 1 in Fire Magic
  9719 | D:9      | Found a staircase to the Orcish Mines.
  9890 | D:9      | Noticed a hill giant
  9901 | D:9      | Killed a hill giant
  9923 | D:9      | Noticed a hill giant
  9935 | D:9      | Killed a hill giant
 10034 | D:9      | Found a blossoming altar of Fedhas.
 10135 | D:9      | Found a sacrificial altar of Ru.
 10213 | D:9      | Killed Grum
 10322 | D:9      | Killed Psyche
 10742 | D:9      | Reached skill level 12 in Spellcasting
 11493 | Orc:1    | Entered Level 1 of the Orcish Mines
 11904 | D:10     | Entered Level 10 of the Dungeon
 11914 | D:10     | Noticed Harold
 11930 | D:10     | Killed Harold
 12058 | D:10     | Slain by an unseen horror

Skill      XL: |  1  2  3  4  5  6  7  8  9 10 11 |
---------------+----------------------------------+-----
Air Magic      | 4 5 6 7 8 9 11 | 11.7
Spellcasting   | 3 4 5 6 8 9 11 12 | 12.1
Conjurations   | 2 3 4 5 6 8 9 10 | 10.7
Dodging        | 3 5 |  5.7
Stealth        | 3 4 |  4.2
Fighting       | 1 2 3 |  3.2
Long Blades    | 2 3 |  3.7
Fire Magic     | 3 |  3.5
Unarmed Combat | |  0.2

Action                   |  1- 3 |  4- 6 |  7- 9 | 10-12 || total
-------------------------+-------+-------+-------+-------++-------
Melee: Unarmed           |    44 |     5 |       |       ||    49
       Falchion          |       |       |     5 |   128 ||   133
 Cast: Shock             |    78 |   118 |   286 |   475 ||   957
       Throw Flame       |       |       |    12 |    18 ||    30
       Flame Tongue      |       |       |     6 |     6 ||    12
       Lightning Bolt    |       |       |     7 |    27 ||    34
       Sticky Flame      |       |       |       |     3 ||     3
       Repel Missiles    |       |       |       |     1 ||     1
Evoke: Wand              |       |       |       |     1 ||     1
  Use: Potion            |       |       |       |     3 ||     3
       Scroll            |       |       |       |     2 ||     2
 Stab: Distracted        |       |       |       |     1 ||     1
  Eat: Fruit             |       |     4 |     2 |       ||     6
       Royal jelly       |       |     1 |       |       ||     1
       Pizza             |       |       |     2 |     3 ||     5
       Meat ration       |       |       |     2 |       ||     2
       Bread ration      |       |       |     1 |     3 ||     4
       Beef jerky        |       |       |       |     3 ||     3
Armor: Robe              |     8 |     4 |    15 |    65 ||    92
       Skin              |     2 |       |       |       ||     2
Dodge: Dodged            |    44 |    22 |    58 |   257 ||   381
       Deflected         |       |       |       |    10 ||    10
       Rpst.: Falchion   |       |       |    13 |    65 ||    78
